 Dungeon Crawl Stone Soup version 0.24.0 (webtiles) character file.

Game seed: 7982692325547443921, levelgen mode: deterministic

1628 Nivan the Conjurer (level 8, 0/62 HPs)
             Began as a White Draconian Conjurer on Oct 25, 2019.
             Was an Initiate of Vehumet.
             Slain by a hound (2 damage)
             ... on level 5 of the Dungeon.
             The game lasted 00:37:35 (5855 turns).

Nivan the Conjurer (White Draconian Conjurer)       Turns: 5855, Time: 00:37:36

Health: 0/62       AC:  7    Str: 11    XL:     8   Next: 65%
Magic:  8/16       EV: 13    Int: 17    God:    Vehumet [......]
Gold:   217        SH:  0    Dex: 12    Spells: 15/18 levels left

rFire    . . .     SeeInvis .   w - +0 long sword
rCold    + . .     Gourm    .   (no shield)
rNeg     . . .     Faith    .   (armour unavailable)
rPois    +         Spirit   .   (helmet restricted)
rElec    .         Reflect  .   (no cloak)
rCorr    .         Harm     .   t - +0 pair of gloves
MR       .....                  (no boots)
Stlth    ++........             (no amulet)
HPRegen  0.20/turn              (no ring)
MPRegen  0.15/turn              y - ring of poison resistance

@: no status effects
A: breathe frost, unfitting armour, cold resistance 1, cold-blooded, AC +6
a: Breathe Frost, Renounce Religion


You were on level 5 of the Dungeon.
You worshipped Vehumet.
Vehumet was noncommittal.
You were not hungry.

You visited 2 branches of the dungeon, and saw 6 of its levels.

You collected 217 gold pieces.

Inventory:

Hand Weapons
 m - a +0 long sword
 w - a +0 long sword (weapon)
Armour
 k - a +0 pair of gloves
 t - a +0 pair of gloves (worn)
Jewellery
 q - an uncursed amulet of guardian spirit
 y - a ring of poison resistance (right hand)
Wands
 h - a wand of polymorph (14)
Scrolls
 a - 2 scrolls of remove curse
 c - a scroll of magic mapping {unknown}
 d - 2 scrolls of amnesia
 e - 5 scrolls of teleportation {unknown}
 j - 2 scrolls of blinking {unknown}
 p - 3 scrolls of identify {unknown}
 s - a scroll of enchant armour {unknown}
Potions
 f - a potion of resistance {unknown}
 g - 2 potions of mutation {unknown}
 i - a potion of heal wounds {unknown}
 l - a potion of agility {unknown}
 n - a potion of lignification {unknown}
 o - 3 potions of curing {unknown}
 u - a potion of brilliance {unknown}
 v - a potion of magic {unknown}
Comestibles
 b - 8 rations
 x - 5 chunks of flesh


   Skills:
 + Level 2.7 Fighting
 + Level 4.6 Long Blades
 + Level 4.0 Dodging
 + Level 3.3 Stealth
 + Level 5.5 Spellcasting
 + Level 6.9 Conjurations


You had 15 spell levels left.
You knew the following spells:

 Your Spells              Type           Power        Failure   Level  Hunger
a - Magic Dart            Conj           ####         1%          1    None
b - Searing Ray           Conj           ####..       1%          2    #......

Your spell library contained the following spells:

 Spells                   Type           Power        Failure   Level  Hunger
 Iskenderun's Mystic Bla  Conj           ####....     8%          4    ####...
 Dazzling Spray           Conj/Hex       ###...       10%         3    ##.....
 Force Lance              Conj/Tloc      ###.....     32%         4    ####...
 Fulminant Prism          Conj/Hex       ###.......   32%         4    ####...


Dungeon Overview and Level Annotations

Branches:
Dungeon (5/15)             Temple (1/1) D:5

Altars:
Ashenzari
Dithmenos
Elyvilon
Fedhas
Gozag
Hepliaklqana
Kikubaaqudgha
Makhleb
Okawaru
Sif Muna
Trog
Uskayaw
Vehumet
Wu Jian
Xom
Yredelemnul
Zin
The Shining One

Shops:
D:4 (

Annotations:
D:3 1 runed translucent door, Inquire's ghost, amateur DDAr


Innate Abilities, Weirdness & Mutations

You can breathe waves of freezing cold.
You can buffet flying creatures when you breathe cold.
Your icy white scales are hard. (AC +6)
You cannot fit into any form of body armour.
Your flesh is cold resistant. (rC+)
You are cold-blooded and may be slowed by cold attacks.


Message History

You are too injured to fight recklessly!
You closely miss the hound. The hound closely misses you.
You riposte.
You closely miss the hound. The hound closely misses you.
Casting: Magic Dart (safe; 1% risk of failure)
Confirm with . or Enter, or press ? or * to list all spells.
Aiming: Magic Dart (safe; 1% risk of failure)
Press: ? - help, Shift-Dir - straight line, f - hound
Aim: a hound The magic dart hits the hound but does no damage.
The hound bites you.
* * * LOW HITPOINT WARNING * * *
Casting: Magic Dart (safe; 1% risk of failure)
Confirm with . or Enter, or press ? or * to list all spells.
Aiming: Magic Dart (safe; 1% risk of failure)
Press: ? - help, Shift-Dir - straight line, f/p - hound
Aim: a hound The magic dart hits the hound.
The hound is moderately wounded.
The hound bites you.
You die...

.##...................#.##.....#
.##...................#.##.....#
.##......>............#.##.....#
..#...รทรท..............#..'.....#
..#...................####.....#
...........................>##.#
######...............#########.#
#...............# #..# #
###........[.@h...########..# #
#.#####'#########..........(#
####.......# #.#.........#
......####.# #.#.######.##
####.....#.# #.#)#...##.# #
#...###.##.....##.#.#.#.##O# #
#.#...#.##.....##.#.....##.#
#.#.#.#.##.....##.#..O#.##.#
#.#.#.#.##.....##.#.....!#.#


You could see a hound.

Vanquished Creatures
  Pikel (D:3)
  Edmund (D:4)
  2 ogres
  A phantom (D:5)
  A bullfrog (D:5)
  2 scorpions
  A crimson imp (D:5)
  2 hounds (D:5)
  A jelly (D:5)
  An orc priest (D:2)
  A bullfrog skeleton (D:5)
  Jessica (D:2)
  Terence (D:1)
  3 worker ants
  Robin (D:2)
  6 gnolls
  13 adders
  4 oozes
  2 adder skeletons (D:4)
  3 worms (D:2)
  2 dart slugs
  4 leopard geckos
  10 orcs
  6 bats
  9 giant cockroaches
  12 goblins
  11 hobgoblins
  6 jackals (D:1)
  6 quokkas
  2 ball pythons (D:2)
  7 frilled lizards
  11 kobolds
  8 rats
142 creatures vanquished.

Vanquished Creatures (others)
  A slave (D:4)
  2 gnolls (D:4)
3 creatures vanquished.

Grand Total: 145 creatures vanquished

Notes
Turn   | Place    | Note
-------+----------+-------------------------------------------
     0 | D:1      | Nivan the Draconian Conjurer began the quest for the Orb.
     0 | D:1      | Reached XP level 1. HP: 14/14 MP: 3/3
   122 | D:2      | Noticed Jessica
   425 | D:1      | Reached XP level 2. HP: 20/20 MP: 1/5
   754 | D:1      | Reached XP level 3. HP: 24/26 MP: 1/6
  1390 | D:2      | Killed Jessica
  1390 | D:2      | Reached XP level 4. HP: 33/33 MP: 0/8
  1541 | D:2      | Noticed Robin
  1591 | D:2      | Killed Robin
  1591 | D:2      | Reached skill level 5 in Conjurations
  1908 | D:2      | Noticed Terence
  2052 | D:1      | Killed Terence
  2052 | D:1      | Reached XP level 5. HP: 15/39 MP: 1/9
  2483 | D:2      | Learned a level 2 spell: Searing Ray
  2820 | D:2      | Found an iron altar of Okawaru.
  2976 | D:2      | Reached skill level 1 in Fighting
  3413 | D:3      | Found a runed translucent door.
  3422 | D:3      | Reached XP level 6. HP: 47/47 MP: 7/11
  3426 | D:3      | Noticed Inquire's ghost (amateur DDAr)
  4083 | D:1      | Reached skill level 1 in Long Blades
  4280 | D:4      | Noticed Edmund
  4519 | D:4      | Your scales start taking on an icy white colour.
  4519 | D:4      | Reached XP level 7. HP: 52/52 MP: 10/13
  4519 | D:4      | Gained mutation: Your flesh is cold resistant. (rC+) [White
                  | Draconian growth]
  4527 | D:4      | Reached skill level 6 in Conjurations
  4687 | D:4      | Killed Edmund
  4847 | D:4      | Noticed Pikel
  4894 | D:3      | Killed Pikel
  4894 | D:3      | Reached skill level 5 in Spellcasting
  4894 | D:3      | Reached XP level 8. HP: 45/62 MP: 1/15
  5055 | D:4      | Found Gogyin's Weapon Shoppe.
  5165 | D:5      | Entered Level 5 of the Dungeon
  5361 | D:5      | Found a staircase to the Ecumenical Temple.
  5366 | Temple   | Entered the Ecumenical Temple
  5481 | Temple   | Became a worshipper of Vehumet
  5854 | D:5      | HP: 2/62 [hound (4)]
  5855 | D:5      | Slain by a hound

Levels and vault maps discovered:
D:1:      zelgadis_glass_arrival_small, layout_basic
D:2:      layout_loops_ring, okawaru_altar_gauntlet_db, uniq_jessica,
          uniq_terence, uniq_robin
D:3:      layout_rooms, ebering_ghost_sewer_d
D:4:      layout_cave_pools, serial_shops,
          nicolae_shop_competitors_out_of_business, uniq_edmund, uniq_pikel
D:5:      minmay_spotlight, layout_basic, nicolae_overflow_hidden_temple,
          temple_doors_e, first_ration
Temple:   dpeg_five_rooms_temple
